 Dungeon Crawl Stone Soup version 0.17.0-25-gefc9c12 (webtiles) character file.

47 dorian the Conjurer (level 3, 0/22 HPs)
             Began as an Octopode Conjurer on Nov 18, 2015.
             Slain by an adder (4 damage)
             ... on level 2 of the Dungeon.
             The game lasted 00:04:48 (1619 turns).

dorian the Conjurer (Octopode Conjurer)             Turns: 1619, Time: 00:04:49

Health: 0/22       AC:  1    Str:  7    XL:     3   Next: 70%
Magic:  0/6        EV: 12    Int: 18    God:
Gold:   70         SH:  0    Dex: 12    Spells: 2 memorised, 3 levels left

rFire  . . .     SeeInvis .     (no weapon)
rCold  . . .     Clarity  .     (no shield)
rNeg   . . .     SustAt   .     (helmet restricted)
rPois  .         Gourm    .     (no amulet)
rElec  .         Spirit   .     (no ring)
rCorr  .         Warding  .     (no ring)
rMut   .         Stasis   .     (no ring)
MR     .....                    (no ring)
Stlth  +++.......               (no ring)
                                (no ring)
                                (no ring)
                                (no ring)

@: lethally poisoned (0 -> -9), not resistant to hostile enchantments, fairly
stealthy
A: almost no armour, amphibious, 8 rings, constrict 8, camouflage 1, gelatinous
body 1
a: no special abilities


You were on level 2 of the Dungeon.
You were not hungry.

You visited 1 branch of the dungeon, and saw 2 of its levels.

You collected 70 gold pieces.

Inventory:

Missiles
 i - 8 poisoned needles
Scrolls
 e - 2 scrolls of fog {unknown}
 g - a scroll of magic mapping {unknown}
 j - a scroll of amnesia {unknown}
 l - a scroll of enchant weapon {unknown}
 m - a scroll of remove curse {unknown}
Potions
 c - a potion of agility {unknown}
 f - a potion of heal wounds {unknown}
 h - 3 potions of resistance {unknown}
 k - 2 potions of curing {unknown}
Books
 a - a book of Conjurations

   Spells                             Type                      Level
   a - Magic Dart                     Conjuration                  1
   b - Searing Ray                    Conjuration                  2
   c - Dazzling Spray                 Conjuration/Hexes            3
   d - Fulminant Prism                Conjuration/Hexes            4
   e - Iskenderun's Mystic Blast      Conjuration                  4
   f - Iskenderun's Battlesphere      Conjuration/Charms           5
Comestibles
 b - a bread ration


   Skills:
 + Level 0.4 Fighting
 - Level 2.0 Dodging
 - Level 2.6 Stealth
 - Level 2.0 Spellcasting
 + Level 5.2 Conjurations


You had 3 spell levels left.
You knew the following spells:

 Your Spells              Type           Power        Failure   Level  Hunger
a - Magic Dart            Conj           ###.         1%          1    #......
b - Searing Ray           Conj           ###...       3%          2    ###....


Dungeon Overview and Level Annotations

Branches:
Dungeon (2/15)

Altars:


Innate Abilities, Weirdness & Mutations

You cannot wear most types of armour.
You are amphibious.
You can wear up to eight rings at the same time.
You can use your tentacles to constrict eight enemies at once.
Your skin changes colour to match your surroundings (Stealth).
Your rubbery body absorbs attacks (AC +1).


Message History

The adder closely misses you.
Casting: Searing Ray
Confirm with . or Enter, or press ? or * to list all spells.
Aiming: Searing Ray
Press: ? - help, Shift-Dir - straight line, f/p - adder
Aim: an adder The searing ray hits the adder.
The adder is heavily wounded.
The adder bites you.
Without enough magic to sustain it, your searing ray dissipates.
The adder bites you.
You are more poisoned.
The adder poisons you!
You barely miss the adder. Your grab misses the adder.
The adder is heavily wounded.
You feel sick. The adder bites you.
* * * LOW HITPOINT WARNING * * *
You are more poisoned.
The adder poisons you! The adder bites you.
You die...

###....###.$........(.....g..
#...........####.##.....###g.
#.#....###.. #.##..........
#.#g#.## #.. #.#......###..
#.#.#.# #.. #........# #..
#g#.#.# #.. ##.#..†...# ##.
#.#..(. #..###...#.(...# #.
#.##.##.##..S...#.......# #.
#.##.##.....@.....###.#.# #.
#.##.##........#......>.####.
#.##.#...........(...........
#..................>..#######
####.#...........####.....
#.##..........## #.####
#..............# #.#
####.######..#.# #.# #.#
#...#.....#


You could see an adder.

Vanquished Creatures
  A gnoll (D:2)
  2 giant geckos
  A ball python (D:1)
  4 bats
  A giant cockroach (D:1)
  8 hobgoblins
  A quokka (D:2)
  2 giant newts (D:2)
  3 goblins (D:1)
  8 kobolds
  2 rats
33 creatures vanquished.

Notes
Turn   | Place    | Note
--------------------------------------------------------------
     0 | D:1      | dorian the Octopode Conjurer began the quest for the Orb.
     0 | D:1      | Reached XP level 1. HP: 11/11 MP: 3/3
   202 | D:1      | Reached XP level 2. HP: 17/17 MP: 0/5
  1045 | D:1      | Learned a level 2 spell: Searing Ray
  1132 | D:2      | Reached XP level 3. HP: 21/21 MP: 2/6
  1338 | D:2      | Reached skill level 5 in Conjurations
  1619 | D:2      | Slain by an adder

Action                   || total
-------------------------++-------
Melee: Unarmed           ||    17
 Cast: Magic Dart        ||    65
       Searing Ray       ||     2
 Stab: Sleeping          ||     1
  Eat: Chunk             ||     3
